 Dungeon Crawl Stone Soup version 0.13-a0-3016-gcb2faac (webtiles) character file.

645 PolkaDot the Jinx (level 6, 0/41 HPs)
             Began as a Vampire Enchanter on Sept 13, 2013.
             Slain by a hobgoblin
             ... wielding a cursed -3,-2 club
              (1 damage)
             ... on Level 4 of the Dungeon on Sept 14, 2013.
             The game lasted 00:18:05 (6074 turns).

PolkaDot the Jinx (Vampire Enchanter)               Turns: 6074, Time: 00:18:05

HP   0/41        AC  3     Str  8      XL: 6   Next: 82%
MP  13/13        EV 12     Int 19      God:
Gold 176         SH  0     Dex 14      Spells:  3 memorised,  1 level left

Res.Fire  : . . .   See Invis. : +   p - +2,+3 dwarf dagger (drain)
Res.Cold  : + + .   Warding    : .   b - +1 robe
Life Prot.: + + +   Conserve   : .   (no shield)
Res.Poison: +       Res.Corr.  : .   (no helmet)
Res.Elec. : .       Clarity    : .   (no cloak)
Sust.Abil.: . .     Spirit.Shd : .   (no gloves)
Res.Mut.  : .       Stasis     : .   (no boots)
Res.Rott. : +       Flight     : .   (no amulet)
Saprovore : . . .                    (no ring)
                                     e - +1 ring of strength

@: non-regenerating, slightly resistant to hostile enchantments, very stealthy
A: bottle blood, fangs 3, see invisible, unbreathing
a: Bat Form, Bottle Blood


You were on level 4 of the Dungeon.
You were bloodless.

You visited 1 branch of the dungeon, and saw 4 of its levels.

You collected 156 gold pieces.

Inventory:

Hand weapons
 p - a +2,+3 dwarven dagger of draining (weapon)
Missiles
 d - 12 darts (quivered)
Armour
 b - a +1 robe (worn)
Scrolls
 a - a scroll of blinking {unknown}
 f - 2 scrolls of remove curse
 g - a scroll of noise {unknown}
 h - 4 scrolls of teleportation {unknown}
 i - 6 scrolls of identify {unknown}
 k - 3 scrolls of curse jewellery {unknown}
 l - a scroll of enchant weapon II {unknown}
Jewellery
 e - a +1 ring of strength (left hand)
Potions
 o - a potion of restore abilities
Books
 c - a book of Maledictions

   Spells                             Type                      Level
   *Corona                            Hexes                        1
   Sure Blade                         Hexes/Charms                 2
   Ensorcelled Hibernation            Hexes/Ice                    2
   *Confuse                           Hexes                        3
   Enslavement                        Hexes                        4
   *Invisibility                      Hexes                        6


   Skills:
 - Level 2.0 Short Blades
 - Level 0.7 Throwing
 - Level 2.1 Dodging
 + Level 5.8 Stealth
 + Level 3.3 Spellcasting
 * Level 8.4 Hexes


You had one spell level left.
You knew the following spells:

 Your Spells              Type           Power        Failure   Level  Hunger
a - Corona                Hex            #####..      1%          1    None
c - Confuse               Hex            #####...     1%          3    ###....
i - Invisibility          Hex            #####...     78%         6    #######


Dungeon Overview and Level Annotations

Branches:
Dungeon (4/27)
 Temple: D:4-7

Altars:
Zin

Shops:
D:4 =


Innate Abilities, Weirdness & Mutations

You do not heal naturally.
You can bottle blood from corpses.
You have razor-sharp teeth.*
You have supernaturally acute eyesight.
You can survive without breathing.*


Message History

A hound, a hobgoblin and 4 orcs come into view.
The orc wizard shouts!
The orc shouts!
Found 26 arrows.
The orc shouts!
An orc comes into view. It is wielding an orcish hand axe.
Found a smoky blue potion.
The hobgoblin barely misses you.
Found a scroll labeled PHOBILI NITS.
The orc shouts!
The worker ant twitches its antennae in your direction.
The orc wizard glows brightly for a moment.
The orc priest shouts!
The orc closely misses you.
The orc priest glows brightly for a moment.
The orc closely misses you.
The orc priest glows brightly for a moment.
You see here a smoky blue potion.
The orc wizard becomes somewhat translucent.
The hobgoblin hits you with a club.
You die...

#..g.......#
#.#.......#
#..g..>..(..
###.......##
#...K.....#
##g.O.r..##
#..o..o...#
##.#O#g#.#
#.o.o.l@.#
#...ao...#
#........#
#?.......#
#........#
##########


You could see 2 ogres, a worker ant, an orc priest, a gnoll, 3 orcs, a
hobgoblin, a goblin, a kobold, a giant newt and a rat.

Vanquished Creatures
  Grinder (D:4)
  A giant frog skeleton (D:3)
  A scorpion (D:4)
  10 gnolls
  3 adders
  A giant mite (D:3)
  A worm (D:2)
  2 giant geckos (D:1)
  2 oozes (D:1)
  2 ball pythons
  3 giant cockroaches
  7 goblins
  10 hobgoblins
  7 jackals
  12 bats
  5 giant newts
  A hobgoblin skeleton (D:4)
  6 kobolds
  3 quokkas (D:3)
  5 rats
83 creatures vanquished.

Notes
Turn   | Place    | Note
--------------------------------------------------------------
     0 | D:1      | PolkaDot, the Vampire Enchanter, began the quest for the Orb.
     0 | D:1      | Reached XP level 1. HP: 13/13 MP: 4/4
   681 | D:1      | Reached XP level 2. HP: 16/19 MP: 3/5
  1142 | D:1      | Reached skill level 5 in Hexes
  1149 | D:1      | Reached XP level 3. HP: 8/24 MP: 1/7
  1394 | D:1      | Learned a level 3 spell: Confuse
  2825 | D:2      | Reached XP level 4. HP: 21/30 MP: 5/9
  2904 | D:2      | Reached skill level 6 in Hexes
  3153 | D:2      | Found a glowing silver altar of Zin.
  4070 | D:3      | Reached XP level 5. HP: 30/35 MP: 6/10
  4568 | D:3      | Reached skill level 7 in Hexes
  4762 | D:4      | Noticed Grinder
  4777 | D:4      | Paralysed by Grinder for 2 turns
  4788 | D:4      | HP: 1/35 [Grinder (10)]
  4789 | D:4      | Killed Grinder
  4789 | D:4      | Reached skill level 5 in Stealth
  4789 | D:4      | Reached skill level 8 in Hexes
  4789 | D:4      | Reached XP level 6. HP: 1/41 MP: 1/13
  5358 | D:4      | Learned a level 6 spell: Invisibility
  5358 | D:4      | Paralysed by miscasting Invisibility for 4 turns
  6048 | D:4      | Found Jamnilic's Jewellery Boutique.
  6049 | D:4      | Noticed an ogre
  6055 | D:4      | HP: 1/41 [goblin/ stone (4)]
  6074 | D:4      | Slain by a hobgoblin

Action                   |  1- 3 |  4- 6 || total
-------------------------+-------+-------++-------
Melee: Dagger            |   176 |   144 ||   320
Throw: Dart              |     1 |       ||     1
 Cast: Corona            |    15 |     7 ||    22
       Confuse           |    10 |    33 ||    43
 Abil: End Transformatio |     1 |       ||     1
       Bat Form          |     1 |       ||     1
  Use: Potion            |     6 |     4 ||    10
       Scroll            |       |     1 ||     1
 Stab: Sleeping          |     9 |     4 ||    13
       Confused          |     4 |    11 ||    15
       Distracted        |     1 |     1 ||     2
